 Dungeon Crawl Stone Soup version 0.30-a0-134-gb40fab5c76 (webtiles) character file.

Game seed: 11982332488511938238

228 freelancePsychic the Charlatan (level 5, -1/39 HPs)
             Began as a Demonspawn Artificer on Sept 20, 2022.
             Was an Initiate of Ashenzari.
             Engulfed by a fire crab's flame (34 damage)
             ... created by the adversity of Qazlal
             ... in a sewer.
             The game lasted 00:07:56 (5294 turns).

freelancePsychic the Charlatan (DsAr)               Turns: 5294, Time: 00:07:57

Health: -1/39      AC:  5    Str: 12      XL:     5   Next: 71%
Magic:  6/6        EV: 15    Int: 16      God:    Ashenzari [......]
Gold:   94         SH:  0    Dex: 15 (16) Spells: 1/4 levels left

rFire   x x .      SeeInvis .    g - +0 whip
rCold   . . .      Faith    .    (no shield)
rNeg    . . .      Spirit   .    b - +1 leather armour
rPois   .          Reflect  .    (helmet restricted)
rElec   .          Harm     .    (no cloak)
rCorr   .          Rampage  .    (no gloves)
Will    .....                    (no boots)
Stlth   ++........               (no amulet)
HPRegen 0.13/turn                p - +4 ring of evasion
MPRegen 0.10/turn                (no ring)

@: no status effects
A: antennae 1, rugged brown scales 1, powered by pain 1, demonic magic 1, agile
1, clever 1, [heat vulnerability 2]
a: Renounce Religion


You were in a sewer.
You worshipped Ashenzari.
Ashenzari was noncommittal.
You visited 1 branch of the dungeon, and saw 4 of its levels.
You also visited: Sewer.

You collected 94 gold pieces.

Inventory:

Hand Weapons
 a - a +0 club
 g - a +0 whip (weapon)
Armour
 b - a +1 leather armour (worn)
 h - a +0 helmet
Jewellery
 p - a +4 ring of evasion (left hand)
Wands
 c - a wand of flame (4)
 d - a wand of charming (11) (quivered)
 e - a wand of iceblast (4)
 y - a wand of digging (6)
Scrolls
 k - a scroll of poison
 m - a scroll of amnesia {unknown}
 n - a scroll of teleportation {@r4}
 r - a scroll of fear {unknown}
 t - a scroll of silence {unknown}
 v - 2 scrolls of identify {@r1}
 x - a scroll of enchant weapon {unknown}
Potions
 l - a potion of haste {@q3}
 q - a potion of invisibility


   Skills:
 - Level 2.3 Fighting
 - Level 2.3 Short Blades
 - Level 0.9 Maces & Flails
 - Level 1.7 Armour
 - Level 0.8 Dodging
 - Level 2.5 Stealth
 + Level 0.0 Spellcasting
 * Level 2.6 Hexes
 - Level 1.4 Invocations
 - Level 3.0 Evocations


You had one spell level left.
You knew the following spells:

 Your Spells              Type           Power      Damage    Failure   Level
a - Tukima's Dance        Hex            8%         N/A       32%         3

Your spell library contained the following spells:

 Spells                   Type           Power      Damage    Failure   Level
 Confusing Touch          Hex            8%         N/A       32%         3
 Gell's Gravitas          Tloc           0%         N/A       67%         3
 Teleport Other           Tloc           0%         N/A       67%         3
 Passage of Golubria      Tloc           0%         N/A       97%         4
 Yara's Violent Unravell  Hex/Tmut       2%         3d3       99%         5
 Dispersal                Tloc           0%         N/A       100%        6
 Enfeeble                 Hex            4%         N/A       100%        7


Dungeon Overview and Level Annotations

Branches:
Dungeon (4/15)              Sewer (1/1)
 Temple: D:4-7

Altars:
Ashenzari
Gozag
Okawaru
Qazlal
Sif Muna


Innate Abilities, Weirdness & Mutations

You have a pair of small antennae on your head.
You are partially covered in rugged brown scales. (AC +1, +3% HP)
You sometimes gain a little power by taking damage.
Spells you cast may paralyse adjacent enemies.
You are agile. (Dex +4, Str/Int -1)
Your mind is acute. (Int +4, Str/Dex -1)
[You are very vulnerable to heat. (rF--)]


Message History

Moving in this stuff is going to be slow.
You start resting.
A frilled lizard comes into view.
You start resting.
A frilled lizard is nearby!
Casting: Tukima's Dance (quite dangerous; 32% risk of failure)
Confirm with . or Enter, or press ? or * to list all spells.
Okay, then.
A frilled lizard is nearby!
A frilled lizard is nearby!
Aiming: Throw Flame
Press: ? - help, Shift-Dir - straight line, f - frilled lizard
Aim: a frilled lizard (water, wandering, hasn't noticed you, 53% to hit)
The puff of flame hits the frilled lizard.
You kill the frilled lizard!
A ball python comes into view.
Aiming: Throw Flame
Press: ? - help, Shift-Dir - straight line, f - ball python
Aim: a ball python (water, wandering, hasn't noticed you, 68% to hit)
You feel a bit more experienced.
Qazlal causes a mighty clap of thunder!
Qazlal incites the elements against you!
An earth elemental and a fire crab come into view.
The air fills with toxic fumes!
As you read the scroll labelled MOAGEOWE NYAPH, it crumbles to dust.
It was a scroll of poison.
As you read the scroll labelled ALOEDU JE ZASI, it crumbles to dust.
It is a scroll of enchant armour.
Your +0 leather armour glows green for a moment.
The fire crab breathes flames at you. The blast of flame engulfs you.
Casting: Tukima's Dance (quite dangerous; 32% risk of failure)
Confirm with . or Enter, or press ? or * to list all spells.
You don't know that spell.
As you read the scroll labelled CYX JUTEJYCRIT, it crumbles to dust.
It is a scroll of identify.
n - a scroll of teleportation You are engulfed in blazing flames.
Ouch! That really hurt!
You die...

≈≈≈≈≈≈≈.####### #∩≈≈≈≈
≈≈≈≈≈≈≈≈~~§..~~ #.~≈≈≈
≈≈≈≈≈≈≈.## ##..≈≈ ≈≈≈≈≈≈≈..#
##~≈≈ ≈≈≈≈≈≈≈~## #.~≈
≈≈≈≈≈l§~## ##.≈ ≈≈≈≈≈≈§§§###
##.≈≈ ≈≈≈≈≈≈§§§§§#### ####.≈≈≈
#≈≈≈≈≈§§§§§t§@#### ###~..≈≈≈≈
##≈≈≈≈§§§§§§§E§#.####.#~≈≈≈≈≈≈
##≈≈≈§§§§§§§§§§§#.#..~≈≈≈≈≈≈≈
###≈§§§§§§§§§§§§§~.≈≈≈≈≈≈≈≈≈
#≈§§§§§§§§§§§§§§§≈≈≈≈≈≈≈≈≈
###§§§§§§§§§§§§§§≈≈≈≈≈≈≈≈≈
#§§§§§§§§§§§§§§≈≈≈≈≈≈≈#≈
###§§§§§§§§§§§§≈≈≈≈≈≈###
##≈≈≈≈≈≈≈≈≈≈≈≈≈≈≈≈≈≈#


You could see a fire crab and an earth elemental.

Vanquished Creatures
  Pargi (Sewer)
  3 gnolls (D:3)
  2 adders
  A worm (D:2)
  4 dart slugs
  An orc (D:3)
  5 endoplasms
  2 giant cockroaches
  3 goblins
  3 hobgoblins
  6 jackals
  3 kobolds
  A quokka (D:1)
  8 ball pythons
  9 bats
  7 frilled lizards
  3 rats
  A spectral kobold (D:1)
63 creatures vanquished.

Vanquished Creatures (collateral kills)
  A gnoll (D:3)
  A ball python (Sewer)
  A frilled lizard (Sewer)
3 creatures vanquished.

Grand Total: 66 creatures vanquished

Notes
Turn   | Place    | Note
-------+----------+-------------------------------------------
     0 | D:1      | freelancePsychic the Demonspawn Artificer began the quest
                  | for the Orb.
     0 | D:1      | Reached XP level 1. HP: 15/15 MP: 1/1
    23 | D:1      | Reached skill level 1 in Stealth
   546 | D:1      | Found a faded altar of an unknown god.
   571 | D:1      | Prayed at the altar of an unknown god.
   571 | D:1      | Became a worshipper of Qazlal Stormbringer
   571 | D:1      | Reached * piety under Qazlal
   605 | D:1      | Gained mutation: You have a pair of small antennae on your
                  | head. [demonic ancestry]
   605 | D:1      | Reached XP level 2. HP: 18/20 MP: 2/2
  1176 | D:1      | Gained mutation: You sometimes gain a little power by
                  | taking damage. [demonic ancestry]
  1176 | D:1      | Reached XP level 3. HP: 26/27 MP: 3/3
  1600 | D:1      | Reached ** piety under Qazlal
  2091 | D:2      | Reached skill level 1 in Invocations
  3281 | D:3      | Gained mutation: Spells you cast may paralyse adjacent
                  | enemies. [demonic ancestry]
  3281 | D:3      | Reached XP level 4. HP: 33/33 MP: 5/5
  3559 | D:3      | Reached skill level 1 in Hexes
  3831 | D:3      | Learned a level 3 spell: Tukima's Dance
  3973 | D:3      | Reached skill level 1 in Short Blades
  4513 | D:3      | Found an opulent altar of Gozag.
  4519 | D:3      | Found an iron altar of Okawaru.
  4521 | D:3      | Found a broken altar of Ashenzari.
  4523 | D:3      | Found a shimmering blue altar of Sif Muna.
  4705 | D:3      | Fell from the grace of Qazlal
  4705 | D:3      | Became a worshipper of Ashenzari the Shackled
  4825 | D:4      | Found a glowing drain.
  4839 | Sewer    | Entered a sewer
  4879 | Sewer    | Gained mutation: Your body sometimes deteriorates upon
                  | taking damage. [potion of mutation]
  4879 | Sewer    | Gained mutation: You are somewhat resistant to further
                  | mutation. [potion of mutation]
  4880 | Sewer    | Lost mutation: You are somewhat resistant to further
                  | mutation. [potion of mutation]
  4880 | Sewer    | Lost mutation: Your body sometimes deteriorates upon taking
                  | damage. [potion of mutation]
  4880 | Sewer    | Gained mutation: Your mind is acute. (Int +4, Str/Dex -1)
                  | [potion of mutation]
  4880 | Sewer    | Gained mutation: You are agile. (Dex +4, Str/Int -1)
                  | [potion of mutation]
  5138 | Sewer    | Noticed Pargi
  5143 | Sewer    | Killed Pargi
  5144 | Sewer    | Gained mutation: You are partially covered in rugged brown
                  | scales. (AC +1, +3% HP) [demonic ancestry]
  5144 | Sewer    | Reached XP level 5. HP: 14/39 MP: 6/6
  5292 | Sewer    | Noticed a fire crab
  5294 | Sewer    | Engulfed by a fire crab's flame

Illustrated notes

Levels and vault maps discovered:
D:1:      doesnt_arrival_eight_statues, layout_basic, serial_glass,
          glass_columns_c, glass_columns_a, item_on_display_a, feat_on_display,
          item_on_display_a, dreamdust_ecumenical_altar_drowned_temple
D:2:      layout_basic, wander_ebering_terrifying_dragon_lair
D:3:      layout_loops_cross, minitemple, nrook_mini_backslash,
          grunt_ministairs_11, kennysheep_path_1
D:4:      layout_cave_pools, kennysheep_ying_yang,
          cheibrodos_sewer_entry_sluice, nicolae_ossuary_entry_false_entrances,
          bh_walls_and_bars
Sewer:    sewer_co_pargi_island

Skill      XL: |  1  2  3  4 |
---------------+-------------+-----
Stealth        | 1 2 |  2.5
Fighting       | 2 |  2.3
Invocations    | 1 |  1.4
Hexes          | 2 |  2.6
Short Blades   | 2 |  2.3
Maces & Flails | |  0.9
Armour         | |  1.7
Dodging        | |  0.8
Evocations     | |  3.0

Action                   |  1- 3 |  4- 6 || total
-------------------------+-------+-------++-------
Melee: Whip              |   185 |    56 ||   241
       Club              |    10 |       ||    10
       Punch             |     3 |     1 ||     4
Evoke: Wand              |     3 |    13 ||    16
  Use: Potion            |       |     9 ||     9
       Scroll            |       |     3 ||     3
Armor: Leather armour    |    67 |    16 ||    83
Dodge: Dodged            |   139 |    42 ||   181
Block: Other             |    17 |     3 ||    20

Table legend: (Time is in decaauts)
 A = Elapsed time spent in this place.
 B = Non-inter-level travel time spent in this place.
 C = Inter-level travel time spent in this place.
 D = Time resting spent in this place.
 E = Time spent auto-exploring this place.
 F = Levels seen in this place.
 G = Mean time per level.
                   A        B        C        D        E       F      G
               +--------+--------+--------+--------+--------+-----+--------+
         Total |   5317 |   5016 |    301 |    464 |   3799 |   5 | 1063.4 |
       Dungeon |   4867 |   4566 |    301 |    204 |   3688 |   4 | 1216.8 |
         Sewer |    450 |    450 |      0 |    260 |    110 |   1 |  450.0 |
               +--------+--------+--------+--------+--------+-----+--------+

Top non-repeatable levels by time:
     D:1: 1792 daAuts
     D:2: 1689 daAuts
     D:3: 1333 daAuts
   Sewer: 450 daAuts
     D:4: 52 daAuts
